 Dungeon Crawl Stone Soup version 0.19.1-1-g22dce08 (webtiles) character file.

35380 esteth the Imperceptible (level 13, -4/55 HPs)
             Began as a Spriggan Enchanter on Jan 3, 2017.
             Was an Elder of Yredelemnul.
             Slain by an eight-headed hydra (11 damage)
             ... on level 6 of the Lair of Beasts.
             The game lasted 01:37:20 (20617 turns).

esteth the Imperceptible (Spriggan Enchanter)      Turns: 20617, Time: 01:37:21

Health: -4/55      AC:  5    Str:  4    XL:     13   Next: 47%
Magic:  24/27      EV: 29    Int: 22    God:    Yredelemnul [****..]
Gold:   1215       SH:  0    Dex: 16    Spells: 4 memorised, 16 levels left

rFire  . . .     SeeInvis +     a - +8 dagger
rCold  + . .     Gourm    .     C - +1 robe "Tofatom" {rC+ Regen+ SInv}
rNeg   . . .     Faith    .     (shield restricted)
rPois  .         Spirit   .     o - +2 hat
rElec  .         Reflect  .     (no cloak)
rCorr  .         Harm     .     (gloves unavailable)
MR     ++...                    (boots unavailable)
Stlth  ++++++++..               (no amulet)
                                x - ring of wizardry
                                Z - +3 ring of evasion

@: very quick
A: unfitting armour, see invisible, herbivore 3, speed 3, slow metabolism 2
a: Recall Undead Slaves, Injury Mirror, Animate Dead, Drain Life, Renounce
Religion


You were on level 6 of the Lair of Beasts.
You worshipped Yredelemnul.
Yredelemnul was greatly pleased with you.
You were not hungry.

You visited 3 branches of the dungeon, and saw 17 of its levels.
You also visited: Sewer.

You collected 1215 gold pieces.

Inventory:

Hand Weapons
 a - a +8 dagger (weapon)
 r - a +0 blowgun
Missiles
 s - 31 poisoned needles (quivered)
Armour
 o - a +2 hat (worn)
 C - the +1 robe "Tofatom" (worn) {rC+ Regen+ SInv}
   (You found it on level 8 of the Dungeon)

   It protects you from cold.
   It lets you see invisible.
   It increases your rate of regeneration.
 G - a +2 robe of fire resistance
Jewellery
 j - an uncursed ring of flight
 p - an uncursed ring of protection from fire
 x - a ring of wizardry (right hand)
 J - an uncursed ring of protection from magic
 Z - a +3 ring of evasion (left hand)
Wands
 k - a wand of acid (5/15)
 n - a wand of teleportation (4/9)
 w - a wand of confusion (31/48)
 B - a wand of random effects (30/48)
 H - a wand of teleportation (3/9)
 L - a wand of digging (5/24)
 N - a wand of digging (8/24)
 O - a wand of confusion (8/48)
 S - a wand of flame (34/48)
 T - a wand of digging (5/24)
 Y - a wand of iceblast (7/15)
Scrolls
 e - 4 scrolls of amnesia
 g - 2 scrolls of blinking
 h - 8 scrolls of teleportation
 l - 2 scrolls of remove curse
 v - 4 scrolls of recharging
 y - 4 scrolls of magic mapping
 I - 5 scrolls of identify
 P - a scroll of enchant armour
Potions
 f - 6 potions of curing
 i - 2 potions of resistance
 m - 2 potions of ambrosia
 t - 2 potions of invisibility {unknown}
 u - 3 potions of heal wounds {unknown}
 z - 3 potions of agility
 A - 3 potions of lignification {unknown}
 D - 5 potions of mutation {unknown}
 E - 4 potions of brilliance {unknown}
 F - a potion of flight {unknown}
 R - 3 potions of degeneration {unknown}
 U - a potion of might {unknown}
 V - a potion of cancellation {unknown}
Books
 b - a book of the Earth

   Spells                             Type                      Level
   a - Leda's Liquefaction            Hexes/Earth                  4
   b - Bolt of Magma                  Conjuration/Fire/Earth       5
   c - Statue Form                    Transmutation/Earth          6
   d - Iron Shot                      Conjuration/Earth            6
   e - Shatter                        Earth                        9
 c - a book of Maledictions

   Spells                             Type                      Level
   a - Corona                         Hexes                        1
   b - Ensorcelled Hibernation        Hexes/Ice                    2
   c - Confuse                        Hexes                        3
   d - Tukima's Dance                 Hexes                        3
   e - Dazzling Spray                 Conjuration/Hexes            3
 M - a book of Minor Magic

   Spells                             Type                      Level
   a - Magic Dart                     Conjuration                  1
   b - Blink                          Translocation                2
   c - Call Imp                       Summoning                    2
   d - Repel Missiles                 Charms/Air                   2
   e - Slow                           Hexes                        2
   f - Conjure Flame                  Conjuration/Fire             3
   g - Mephitic Cloud                 Conjuration/Poison/Air       3
Comestibles
 d - 7 bread rations
 q - 3 fruits
 K - a royal jelly
 Q - 10 slices of pizza


   Skills:
 + Level 7.1 Short Blades
 - Level 10.0 Dodging
 - Level 21.0 Stealth
 - Level 9.2 Spellcasting
 - Level 9.0 Hexes
 - Level 7.0 Ice Magic
 - Level 4.8 Earth Magic
 - Level 6.7 Invocations


You had 16 spell levels left.
You knew the following spells:

 Your Spells              Type           Power        Failure   Level  Hunger
a - Tukima's Dance        Hex            #####...     1%          3    None
b - Ensorcelled Hibernat  Hex/Ice        #####.       1%          2    None
c - Iron Shot             Conj/Erth      ###.......   98%         6    ######.
d - Confuse               Hex            #####...     1%          3    None


Dungeon Overview and Level Annotations

Branches:
Dungeon (10/15)            Temple (1/1) D:4            Lair (6/6) D:8
  Swamp (0/4) Lair:3        Slime (0/5) Lair:6
  Snake: Lair:2-4    Spider: Lair:2-4       Orc: D:9-12

Altars:
Ashenzari
Cheibriados
Dithmenos
Elyvilon
Fedhas
Gozag
Hepliaklqana
Kikubaaqudgha
Makhleb
Nemelex Xobeh
Okawaru
Qazlal
Ru
Sif Muna
Trog
Uskayaw
Vehumet
Xom
Yredelemnul
Zin
The Shining One
Jiyva

Annotations:
D:8 shugdite's ghost, novice MfMo
Lair:2 Zargon's ghost, journeyman HOAK; markt42's ghost, journeyman GrFi
Lair:5 exclusion: electric eel


Innate Abilities, Weirdness & Mutations

You are very small and have problems with some larger weapons.
You are too small for most types of armour.
You have supernaturally acute eyesight. (SInv)
You are a herbivore.
You cover ground extremely quickly.
You need consume almost no food.


Message History

Aiming: Ensorcelled Hibernation
Press: ? - help, Shift-Dir - straight line, f - eight-headed hydra, p - polar bear
Aim: an eight-headed hydra (chance to defeat MR: 35%)
The eight-headed hydra looks drowsy...
The eight-headed hydra bites you! x2
The eight-headed hydra barely misses you.
The eight-headed hydra completely misses you. x3
The eight-headed hydra closely misses you.
The eight-headed hydra barely misses you.
You hit the eight-headed hydra.
The eight-headed hydra is lightly wounded.
The eight-headed hydra misses you.
The eight-headed hydra completely misses you.
The eight-headed hydra bites you.
The eight-headed hydra bites you but does no damage.
The eight-headed hydra bites you. The eight-headed hydra bites you! x2
* * * LOW HITPOINT WARNING * * *
The eight-headed hydra bites you!
You die...
Your body rises from the dead as a mindless zombie.

≈≈.P≈≈≈≈≈..≈.≈≈P.................
≈##≈≈##≈≈##≈≈##≈......_>.........
≈##≈≈#≈≈≈##≈≈##..................
≈≈≈≈P≈≈≈≈≈≈†≈≈≈P.............h...
≈≈≈≈≈≈≈≈P≈≈≈P≈≈≈...........##P.#.
..#########≈≈##≈†..........#####.
≈≈≈ #.≈≈#≈≈#≈..%...|.....P#..P #≈
#≈≈≈≈≈≈≈≈................. ≈ ≈
#≈P≈≈≈≈≈D@.h..†.....###P..
≈≈≈#≈≈≈#≈##.............##P..
?((m≈≈≈≈≈≈≈≈##............##P...
≈≈/≈≈≈≈≈8≈≈≈≈≈..................
≈≈$≈≈≈≈≈8≈≈≈P≈.............≈♣♣..
(()≈≈≈≈≈≈≈#≈##...†.........≈≈♣♣.
≈≈≈≈≈≈#≈≈≈≈≈≈#............P≈≈♣♣♣
≈≈≈≈≈≈#≈≈≈#≈≈≈≈...........≈≈≈≈P♣
≈≈≈≈P≈#≈≈≈≈≈≈≈...........≈≈≈≈≈≈♣


You could see an eight-headed hydra and a polar bear (confused).

Vanquished Creatures
  Erolcha (D:9)
  3 hydras
  2 sea snakes (Lair:6)
  A hill giant (D:10)
  2 harpies (Lair:6)
  An ugly thing (D:7)
  4 black mambas (Lair:4)
  5 elephants (Lair:6)
  A torpor snail (Lair:5)
  3 rime drakes
  13 spiny frogs
  12 komodo dragons
  3 two-headed ogres
  A hornet (Lair:6)
  3 polar bears
  A wind drake (Lair:6)
  11 blink frogs
  8 hippogriffs
  27 yaks
  4 wyverns (Lair:6)
  A hungry ghost (D:8)
  3 basilisks
  A human (D:10)
  4 swamp worms (Lair:3)
  15 water moccasins
  11 porcupines
  2 orc warriors
  A sky beast (D:5)
  A black bear (D:8)
  An ice beast (D:6)
  A phantom (D:7)
  2 ogres (D:7)
  7 wolves (Lair:3)
  3 centaurs
  9 crocodiles
  A big kobold (D:9)
  10 bullfrogs
  3 scorpions
  4 jellies
  4 electric eels
  3 wights (D:10)
  3 crimson imps
  A bullfrog zombie (D:6)
  5 orc priests
  3 bullfrog skeletons
  3 hounds
  3 iguanas
  5 orc wizards
  8 worker ants
  4 gnolls
  A howler monkey skeleton (D:8)
  7 adders
  5 river rats
  3 shadow imps
  2 oozes
  3 adder skeletons
  4 worms
  3 dart slugs
  5 leopard geckos
  18 orcs
  4 ball pythons
  4 giant cockroaches
  10 goblins
  7 hobgoblins
  17 jackals
  3 quokkas
  7 bats
  4 frilled lizards
  A jackal skeleton (D:4)
  14 kobolds
  A leopard gecko skeleton (D:8)
  A quokka skeleton (D:4)
  14 rats
  A spectral orc (D:3)
367 creatures vanquished.

Vanquished Creatures (collateral kills)
  A hydra (Lair:3)
  A spiny frog (Lair:6)
  A gargoyle (D:10)
  2 rime drakes
  A polar bear (Lair:6)
  A basilisk (D:8)
  A swamp worm (Lair:3)
  3 water moccasins
  3 wolves (Lair:3)
  A wight (D:10)
  A hound (D:10)
  An adder (D:10)
17 creatures vanquished.

Vanquished Creatures (others)
  6 flying skulls
  A dancing weapon (D:10)
  A water moccasin zombie (Lair:6)
  3 wights
  A wolf zombie (Lair:3)
  A two-headed ogre zombie (D:8)
  A mummy (Lair:4)
  2 bushes (D:8)
  10 fungi
  28 plants
54 creatures vanquished.

Grand Total: 438 creatures vanquished

Notes
Turn   | Place    | Note
-------+----------+-------------------------------------------
     0 | D:1      | esteth the Spriggan Enchanter began the quest for the Orb.
     0 | D:1      | Reached XP level 1. HP: 9/9 MP: 5/5
   173 | D:1      | Reached skill level 5 in Stealth
   190 | D:1      | Reached XP level 2. HP: 7/13 MP: 6/6
   343 | D:1      | Learned a level 2 spell: Ensorcelled Hibernation
  1087 | D:1      | Reached skill level 1 in Ice Magic
  1481 | D:2      | Reached XP level 3. HP: 16/16 MP: 8/8
  2097 | D:2      | Reached skill level 6 in Stealth
  2256 | D:2      | Reached XP level 4. HP: 21/21 MP: 9/9
  3260 | D:3      | Noticed a bullfrog
  3266 | D:3      | Killed a bullfrog
  3266 | D:3      | Reached XP level 5. HP: 24/24 MP: 10/10
  3625 | D:3      | Found a basalt altar of Yredelemnul.
  3762 | D:4      | Found a glowing drain.
  4048 | D:4      | Reached skill level 7 in Stealth
  4116 | D:4      | Found a staircase to the Ecumenical Temple.
  4124 | D:4      | Reached XP level 6. HP: 28/28 MP: 8/11
  4126 | Temple   | Entered the Ecumenical Temple
  4350 | D:3      | Became a worshipper of Yredelemnul the Dark
  4488 | Sewer    | Entered a sewer
  4676 | Sewer    | Reached skill level 8 in Stealth
  5016 | D:4      | Reached skill level 9 in Stealth
  5491 | D:4      | Found a glowing silver altar of Zin.
  5514 | D:5      | Entered Level 5 of the Dungeon
  6212 | D:5      | Reached skill level 10 in Stealth
  6212 | D:5      | Reached XP level 7. HP: 32/32 MP: 5/12
  6540 | D:5      | Learned a level 3 spell: Tukima's Dance
  7203 | D:5      | Reached skill level 11 in Stealth
  7325 | D:5      | Reached * piety under Yredelemnul
  7574 | D:5      | Reached skill level 5 in Hexes
  7787 | D:5      | Reached XP level 8. HP: 30/36 MP: 0/13
  8579 | D:6      | Reached skill level 5 in Invocations
  9148 | D:7      | Reached ** piety under Yredelemnul
  9190 | D:7      | Noticed a red ugly thing
  9193 | D:7      | Killed a red ugly thing
  9193 | D:7      | Reached XP level 9. HP: 31/39 MP: 15/15
 10063 | D:8      | Reached skill level 12 in Stealth
 10082 | D:8      | Found a staircase to the Lair.
 10083 | D:8      | Noticed shugdite's ghost (novice MfMo)
 10150 | D:8      | Reached skill level 13 in Stealth
 10624 | D:8      | Reached skill level 5 in Dodging
 11011 | D:8      | Reached XP level 10. HP: 36/44 MP: 1/16
 11529 | D:8      | Reached skill level 14 in Stealth
 11755 | D:8      | Got a thick robe
 11766 | D:8      | Identified the +1 robe "Tofatom" {rC+ Regen+ SInv} (You found it on level 8 of the Dungeon)
 11981 | D:9      | Noticed Erolcha
 11989 | D:9      | Killed Erolcha
 11989 | D:9      | Reached skill level 15 in Stealth
 12030 | D:9      | Found an iron altar of Okawaru.
 12030 | D:9      | Found an ancient bone altar of Kikubaaqudgha.
 12033 | D:9      | Found a stormy altar of Qazlal.
 12058 | D:9      | Reached *** piety under Yredelemnul
 12139 | D:9      | Reached skill level 16 in Stealth
 12688 | D:10     | Entered Level 10 of the Dungeon
 12729 | D:10     | Noticed a hill giant
 12733 | D:10     | Killed a hill giant
 12847 | D:10     | Noticed a gargoyle
 12928 | D:10     | Reached skill level 17 in Stealth
 13323 | D:10     | Reached XP level 11. HP: 47/47 MP: 14/17
 13323 | D:10     | Received a gift from Yredelemnul (4 flying skulls)
 13817 | Lair:1   | Entered Level 1 of the Lair of Beasts
 14085 | Lair:1   | Noticed an eight-headed hydra
 14100 | Lair:1   | Killed an eight-headed hydra
 14100 | Lair:1   | Reached skill level 5 in Ice Magic
 14211 | Lair:1   | Got an encrusted plate armour
 14470 | Lair:1   | Noticed a six-headed hydra
 14483 | Lair:1   | Killed a six-headed hydra
 14759 | Lair:2   | Reached **** piety under Yredelemnul
 14881 | Lair:2   | Noticed markt42's ghost (journeyman GrFi)
 14999 | Lair:2   | Noticed Zargon's ghost (journeyman HOAK)
 15040 | Lair:3   | Reached skill level 5 in Spellcasting
 15040 | Lair:3   | Received a gift from Yredelemnul (a wight)
 15483 | Lair:3   | Reached XP level 12. HP: 51/51 MP: 18/23
 15622 | Lair:3   | Noticed an eight-headed hydra
 15645 | Lair:3   | Killed an eight-headed hydra
 15749 | Lair:3   | Found a staircase to the Swamp.
 15781 | Lair:3   | Received a gift from Yredelemnul (a mummy)
 16383 | Lair:4   | Reached skill level 18 in Stealth
 16944 | Lair:4   | Reached skill level 19 in Stealth
 17158 | Lair:4   | Received a gift from Yredelemnul (a wight)
 17872 | Lair:5   | Reached skill level 10 in Dodging
 17872 | Lair:5   | Received a gift from Yredelemnul (a wight)
 17896 | Lair:5   | Learned a level 6 spell: Iron Shot
 18094 | Lair:5   | Reached skill level 1 in Earth Magic
 18569 | Lair:6   | Entered Level 6 of the Lair of Beasts
 18855 | Lair:6   | Reached XP level 13. HP: 55/55 MP: 27/27
 18880 | Lair:6   | Found a viscous altar of Jiyva.
 18880 | Lair:6   | Found a staircase to the Slime Pits.
 19129 | Lair:6   | Received a gift from Yredelemnul (2 flying skulls)
 19540 | Lair:6   | Reached skill level 20 in Stealth
 20050 | Lair:6   | Learned a level 3 spell: Confuse
 20487 | Lair:6   | Reached skill level 21 in Stealth
 20617 | Lair:6   | Slain by an eight-headed hydra

Skill      XL: |  1  2  3  4  5  6  7  8  9 10 11 12 13 |
---------------+----------------------------------------+-----
Stealth        | 5 6 7 10 11 13 17 19 21 | 21.0
Ice Magic      | 1 7 |  7.0
Hexes          | 4 6 9 |  9.0
Short Blades   | 4 6 7 |  7.1
Invocations    | 6 |  6.7
Dodging        | 7 8 10 | 10.0
Spellcasting   | 7 9 |  9.2
Earth Magic    | 4 |  4.8

Action                   |  1- 3 |  4- 6 |  7- 9 | 10-12 | 13-15 || total
-------------------------+-------+-------+-------+-------+-------++-------
Melee: Dagger            |   130 |   212 |   213 |   297 |    78 ||   930
 Fire: Blowgun           |       |     6 |       |       |       ||     6
 Cast: Ensorcelled Hiber |     9 |    42 |    70 |   191 |    55 ||   367
       Tukima's Dance    |       |       |     1 |     6 |       ||     7
       Confuse           |       |       |       |       |     8 ||     8
Invok: Animate Remains   |       |       |     1 |       |       ||     1
       Recall Undead Sla |       |       |       |     2 |     1 ||     3
       Animate Dead      |       |       |       |     1 |     2 ||     3
  Use: Scroll            |     6 |     9 |     7 |    10 |       ||    32
 Stab: Sleeping          |    17 |    21 |    42 |   131 |    29 ||   240
       Distracted        |       |       |       |     3 |       ||     3
       Confused          |       |       |       |       |     6 ||     6
  Eat: Bread ration      |       |     1 |     2 |     1 |       ||     4
       Fruit             |       |       |     1 |     7 |       ||     8
Armor: Robe              |    20 |    31 |    36 |     7 |     4 ||    98
Dodge: Dodged            |    83 |   134 |   151 |   236 |    75 ||   679
